 Dungeon Sprint DCSS version 0.23.0-3-gf3c87f2 (webtiles) character file.

Game seed: 5189211420946451545

3200000 Fang the Spry (level 9, -2/55 HPs)
             Began as a Felid Fighter on Feb 21, 2019.
             Was an Initiate of Makhleb.
             Slain by a meat berserker
             ... wielding a +9 battleaxe
              (57 damage)
             ... in the Dungeon (Sprint VIII: "Arena of Blood").
             The game lasted 00:00:29 (32 turns).

Fang the Spry (Felid Fighter)                         Turns: 32, Time: 00:00:29

Health: -2/55      AC:  2    Str: 12    XL:     9   Next: 71%
Magic:  10/10      EV: 36    Int:  9    God:    Makhleb [......]
Gold:   0          SH:  0    Dex: 20    Spells: 8/8 levels left
                                        Lives:  0   Deaths: 2

rFire    . . .     SeeInvis +     - Unarmed
rCold    . . .     Gourm    .   (shield unavailable)
rNeg     . . .     Faith    .   (armour unavailable)
rPois    .         Spirit   .   (helmet unavailable)
rElec    .         Reflect  .   (cloak unavailable)
rCorr    .         Harm     .   (gloves unavailable)
MR       +....     NoTele   +   (boots unavailable)
Stlth    ++........             (no amulet)
HPRegen  0.18/turn              (no ring)
MPRegen  0.12/turn              (no ring)

@: quick
A: very small, no armour, no weapons or thrown items, stealth, claws 1, fangs 3,
see invisible, carnivore, speed 1, shaggy fur 2, slow metabolism 1, sharp paws
a: Renounce Religion


You were in the Dungeon.
You worshipped Makhleb.
Makhleb was noncommittal.
You were not hungry.

You visited 1 branch

Inventory:

Scrolls
 h - a scroll of blinking
Potions
 a - a potion of might
 c - a potion of curing
 d - a potion of heal wounds
 e - a potion of haste
 f - 2 potions of magic
 g - a potion of berserk rage
Comestibles
 b - a ration


   Skills:
 + Level 16.6 Fighting
 + Level 20.7 Dodging
 + Level 16.8 Unarmed Combat


You had 8 spell levels left.
You didn't know any spells.
Your spell library was empty.

Dungeon Overview and Level Annotations

Branches:
Dungeon (1/1)

Altars:
Makhleb


Innate Abilities, Weirdness & Mutations

You cannot wear armour.
You are incapable of wielding weapons or throwing items.
Your paws allow you to move quietly. (Stealth)
You have sharp claws.
You have razor-sharp teeth.
You have supernaturally acute eyesight. (SInv)
You are carnivorous and can eat meat at any time.
You cover ground quickly.
You are covered in thick fur. (AC +2)
You have a slow metabolism.
Your sharp claws are effective at attacking unaware monsters.


Message History

You hear a shout! x2
You hear a shout! x4
A bag of meat comes into view. It is wielding a +9 war axe.
The bag of meat shouts!
You hear a shout! x5
A bag of meat comes into view. It is wielding a +9 war axe.
The bag of meat moves out of view.
You hear a shout! x4
You hear a shout!
The meat berserker misses you.
You hear a shout! x5
The meat berserker rages.
The meat berserker barely misses you.
You hear a shout! x2
You scratch the meat berserker. You bite the meat berserker.
The meat berserker is lightly wounded.
A meat berserker comes into view. It is wielding a +9 battleaxe.
You hear a shout! x3
The meat berserker hits you with a +9 battleaxe!!!
Ouch! That really hurt!
You die... o

#o......#............ #..
#.......# ..........#
....###.......###..........
...oo..O.###o..........o.#
#.....†.._..o.........O.
.......#=)o..#.......#.#...
.......#_oO._#.............
.......#.o...#.O...O#.#.#..
.#........O..o.O@........
.........###.ooo.....#.#.#
....###.....†.###o.......o.
.... #.....o.# ...........
#.......#...........
....................
........oo...#...#..
...........o#....#
.O........##.


You could see 5 meat berserkers and 11 bags of meat.

Vanquished Creatures
  An orc (D)
1 creature vanquished.

Notes
Turn   | Place    | Note
-------+----------+-------------------------------------------
     0 | D        | Fang the Felid Fighter began the quest for the Orb.
     0 | D        | Reached XP level 1. HP: 10/10 MP: 2/2
     2 | D        | Noticed a bag of meat
     4 | D        | Became a worshipper of Makhleb the Destroyer
     6 | D        | Noticed a bag of meat
     6 | D        | Noticed a bag of meat
    14 | D        | Killed a bag of meat
    14 | D        | Reached skill level 20 in Dodging
    14 | D        | Reached XP level 2. HP: 27/27 MP: 3/3
    14 | D        | Reached XP level 3. HP: 31/31 MP: 4/4
    14 | D        | Reached XP level 4. HP: 35/35 MP: 5/5
    14 | D        | Reached XP level 5. HP: 39/39 MP: 6/6
    14 | D        | Gained mutation: You are covered in thick fur. (AC +2)
                  | [Felid growth]
    14 | D        | Reached XP level 6. HP: 43/43 MP: 7/7
    14 | D        | Reached XP level 7. HP: 47/47 MP: 8/8
    14 | D        | Reached XP level 8. HP: 51/51 MP: 9/9
    14 | D        | Reached XP level 9. HP: 55/55 MP: 10/10
    14 | D        | Reached XP level 10. HP: 59/59 MP: 11/11
    14 | D        | Reached XP level 11. HP: 63/63 MP: 12/12
    16 | D        | Noticed a meat berserker
    17 | D        | Noticed a bag of meat
    17 | D        | Noticed a bag of meat
    17 | D        | Noticed a bag of meat
    18 | D        | Noticed a bag of meat
    19 | D        | Noticed a meat berserker
    19 | D        | Noticed a bag of meat
    21 | D        | Noticed a bag of meat
    21 | D        | Noticed a bag of meat
    23 | D        | Noticed a bag of meat
    23 | D        | Demolished by a bag of meat
    24 | D        | Reached XP level 10. HP: -16/59 MP: 11/11
    24 | D        | Noticed a bag of meat
    24 | D        | Noticed a meat berserker
    24 | D        | Noticed a bag of meat
    24 | D        | Noticed a bag of meat
    24 | D        | Noticed a bag of meat
    24 | D        | Noticed a bag of meat
    26 | D        | Noticed a meat berserker
    26 | D        | Mangled by a meat berserker
    26 | D        | Noticed a bag of meat
    27 | D        | Reached XP level 9. HP: -6/55 MP: 10/10
    27 | D        | Noticed a meat berserker
    27 | D        | Noticed a bag of meat
    27 | D        | Noticed a bag of meat
    29 | D        | Noticed a bag of meat
    29 | D        | Noticed a bag of meat
    32 | D        | Noticed a meat berserker
    32 | D        | Slain by a meat berserker

Skill      XL: |  1 |
---------------+----+-----
Fighting       | 16 | 16.6
Dodging        | 20 | 20.7
Unarmed Combat | 16 | 16.8

Action                   |  1- 3 |  4- 6 |  7- 9 | 10-12 || total
-------------------------+-------+-------+-------+-------++-------
Melee: Unarmed           |     1 |       |     1 |     6 ||     8
       Bite              |       |       |     1 |     1 ||     2
       Punch             |       |       |       |     3 ||     3
Dodge: Dodged            |       |       |     2 |     4 ||     6
